 Dungeon Crawl Stone Soup version 0.30-a0-1002-ga41ad49a19 (webtiles) character file.

Game seed: 10395843050601881467

155361 Lavandula the Covert (level 17, -25/133 HPs)
             Began as a Gnoll Summoner on Apr 4, 2023.
             Was a Priest of Yredelemnul.
             Killed from afar by an ironbound frostheart (34 damage)
             ... by creeping frost
             ... in an ice cave on Apr 5, 2023.
             The game lasted 01:45:36 (28876 turns).

Lavandula the Covert (Gnoll Summoner)              Turns: 28876, Time: 01:45:37

Health: -25/133    AC: 21    Str:  9    XL:     17   Next: 35%
Magic:  7/43       EV: 33    Int: 31    God:    Yredelemnul [***...]
Gold:   1492       SH:  0    Dex: 16    Spells: 4/41 levels left

rFire   + . .      SeeInvis .    B - +10 lajatang "Huurha Ymmo" {heavy, rN+ Int+4 Dex+4}
rCold   . . .      Faith    .    (shield currently unavailable)
rNeg    + . .      Spirit   .    U - +3 leather armour {rF+}
rPois   +          Reflect  .    H - +3 hat of Pondering {ponderous, Will+ MP+10 Int+5}
rElec   .          Rampage  .    e - +2 cloak
rCorr   +                        y - +2 pair of gloves
Will    ++...                    n - +2 pair of boots
Stlth   +++++                    P - amulet of the acrobat
HPRegen 0.42/turn                A - ring of poison resistance
MPRegen 0.28/turn                R - ring of resist corrosion

@: frozen, acrobatic, studying Stealth, very slow
A: fangs 1, strong nose, distributed training
}: 1/15 runes: barnacled
a: Renounce Religion, Recall Undead Harvest, Dark Bargain


You were in an ice cave.
You worshipped Yredelemnul.
Yredelemnul was pleased with you.
You visited 6 branches of the dungeon, and saw 28 of its levels.
You also visited: Ice Cave and Volcano.

You collected 2963 gold pieces.
You spent 1471 gold pieces at shops.

Inventory:

Hand Weapons
 B - the +10 lajatang "Huurha Ymmo" (weapon) {heavy, rN+ Int+4 Dex+4}
   (You bought it in a shop on level 5 of the Dungeon)

   Int:       It affects your intelligence (+4).
   Dex:       It affects your dexterity (+4).
   rN:        It protects you from negative energy.
 N - a +9 eveningstar of protection
 S - the +8 whip "Snakebite" {venom, curare, rPois}
   (You took it off Amaemon on level 3 of the Lair of Beasts)

   rPois:     It protects you from poison.
Missiles
 c - a throwing net
 O - 10 javelins
Armour
 e - a +2 cloak (worn)
 n - a +2 pair of boots (worn)
 y - a +2 pair of gloves (worn)
 D - +1 steam dragon scales
 E - the +1 helmet of Restlessness {Rampage Int-2 SInv}
   (You found it in an ice cave)

   Int:       It affects your intelligence (-2).
   SInv:      It lets you see invisible.
   Rampage:   It bestows one free step when moving towards enemies.
 H - the +3 hat of Pondering (worn) {ponderous, Will+ MP+10 Int+5}
   (You found it on level 8 of the Dungeon)

   Int:       It affects your intelligence (+5).
   MP:        It affects your magic capacity (+10).
   Will:      It increases your willpower.
 U - a +3 leather armour of fire resistance (worn)
Magical Staves
 z - the staff of air "Lozxa" {rElec rF+ rC+ Int+5}
   (You found it on level 7 of the Dungeon)

   [staff of air]

   Base accuracy: +5 Base damage: 5 Base attack delay: 1.2 This weapon's minimum
   attack delay (0.6) is reached at skill level 12.
   Int:       It affects your intelligence (+5).
   rF:        It protects you from fire.
   rC:        It protects you from cold.
   rElec:     It insulates you from electricity.
   It falls into the 'Staves' category.
   It is a one-handed weapon.
Jewellery
 A - a ring of poison resistance (left hand)
 M - a ring of protection from fire
 P - an amulet of the acrobat (around neck)
 R - a ring of resist corrosion (right hand)
Wands
 o - a wand of iceblast (23)
 w - a wand of acid (22)
 I - a wand of polymorph (15)
 J - a wand of flame (32)
 K - a wand of digging (7)
 V - a wand of mindburst (7)
Scrolls
 a - 3 scrolls of blinking
 d - 8 scrolls of teleportation
 m - 8 scrolls of fear
 t - a scroll of enchant armour
 u - 7 scrolls of vulnerability
 v - 5 scrolls of immolation
 x - 2 scrolls of poison
 F - a scroll of silence
 T - a scroll of butterflies
 W - 2 scrolls of fog
 Y - a scroll of torment
Potions
 b - 7 potions of magic
 h - 3 potions of cancellation
 i - 9 potions of flight
 j - 3 potions of lignification
 k - 6 potions of curing
 l - 6 potions of heal wounds
 p - 6 potions of ambrosia
 q - 2 potions of berserk rage {unknown}
 r - 3 potions of haste
 s - 5 potions of might
 C - 5 potions of mutation {unknown}
 G - 5 potions of attraction
 L - 4 potions of brilliance
 Q - a potion of invisibility {unknown}
 Z - a potion of experience {unknown}
Miscellaneous
 f - a tin of tremorstones (inert)
 g - a phantom mirror (inert)


   Skills:
 + Level 12.0 Fighting
 + Level 12.0 Short Blades
 + Level 12.0 Long Blades
 + Level 12.0 Axes
 + Level 12.0 Maces & Flails
 + Level 12.0 Polearms
 + Level 12.0 Staves
 + Level 12.0 Ranged Weapons
 + Level 12.0 Throwing
 + Level 12.0 Armour
 + Level 12.8 Dodging
 + Level 13.1 Stealth
 + Level 12.0 Shields
 + Level 12.0 Unarmed Combat
 + Level 12.9 Spellcasting
 + Level 10.1 Conjurations
 + Level 10.1 Hexes
 + Level 12.3 Summonings
 + Level 10.1 Necromancy
 + Level 10.1 Translocations
 + Level 10.1 Transmutations
 + Level 10.1 Fire Magic
 + Level 10.1 Ice Magic
 + Level 10.1 Air Magic
 + Level 10.1 Earth Magic
 + Level 10.1 Poison Magic
 + Level 13.0 Invocations
 + Level 12.0 Evocations


You had 4 spell levels left.
You knew the following spells:

 Your Spells              Type           Power      Damage    Failure   Level
a - Iron Shot             Conj/Erth      35%        9d7       7%          6
b - Spellforged Servitor  Conj/Summ      37%        N/A       26%         7
c - Call Canine Familiar  Summ           77%        N/A       1%          3
e - Summon Guardian Gole  Hex/Summ       74%        N/A       1%          3
f - Blink                 Tloc           100%       N/A       1%          2
g - Summon Lightning Spi  Summ/Air       74%        N/A       1%          4
h - Summon Cactus Giant   Summ           38%        N/A       3%          6
i - Apportation           Tloc           100%       N/A       1%          1
j - Alistair's Intoxicat  Tmut/Pois      46%        N/A       1%          5

Your spell library contained the following spells:

 Spells                   Type           Power      Damage    Failure   Level
 Beastly Appendage        Tmut           100%       N/A       1%          1
 Sting                    Tmut/Pois      100%       1d8       1%          1
 Summon Small Mammal      Summ           100%       N/A       1%          1
 Call Imp                 Summ           77%        N/A       1%          2
 Cigotuvi's Dreadful Rot  Necr/Pois/Air  100%       N/A       1%          2
 Lesser Beckoning         Tloc           100%       N/A       1%          2
 Momentum Strike          Conj/Tloc      100%       3d10      1%          2
 Poisonous Vapours        Pois/Air       100%       N/A       1%          2
 Scorch                   Fire           100%       2d10      1%          2
 Wereblood                Tmut           70%        N/A       1%          2
 Frozen Ramparts          Ice            100%       1d16      1%          3
 Gell's Gravitas          Tloc           70%        N/A       1%          3
 Hailstorm                Conj/Ice       70%        3d15      1%          3
 Mephitic Cloud           Conj/Pois/Air  70%        N/A       1%          3
 Spider Form              Tmut/Pois      70%        N/A       1%          3
 Teleport Other           Tloc           70%        N/A       1%          3
 Flame Wave               Conj/Fire      70%        2d16      1%          4
 Ice Form                 Ice/Tmut       70%        N/A       1%          4
 Olgreb's Toxic Radiance  Pois           70%        N/A       1%          4
 Summon Ice Beast         Ice/Summ       74%        N/A       1%          4
 Freezing Cloud           Conj/Ice/Air   35%        6-21      1%          5
 Iskenderun's Battlesphe  Conj           70%        2d12      1%          5
 Polar Vortex             Ice            35%        N/A       100%        9
 Simulacrum               Ice/Necr       Unusable   N/A       N/A         6

Dungeon Overview and Level Annotations

Branches:
Dungeon (15/15)            Temple (1/1) D:7            Lair (5/5) D:9
 Shoals (4/4) Lair:3       Spider (1/4) Lair:3        Slime (0/5) Lair:5
    Orc (2/2) D:11            Elf (0/3) Orc:2        Vaults (0/5) D:14
  IceCv (1/1)             Volcano (visited)
 Depths: D:15

Altars:
Cheibriados
Dithmenos
Elyvilon
Fedhas
Gozag
Hepliaklqana
Kikubaaqudgha
Makhleb
Okawaru
Ru
Sif Muna
Trog
Uskayaw
Wu Jian
Yredelemnul
Zin
The Shining One

Shops:
D:1 (   D:5 (!*[(   D:11 ?   Orc:2 *([:

Annotations:
D:9 exclusion: door
D:11 2 transporters, confidenceinterval's ghost, novice DEHu
D:15 Jorgrun; Roxanne
Lair:1 2 transporters, Conn's ghost, journeyman OpFE
Orc:1 3 runed translucent doors


Innate Abilities, Weirdness & Mutations

You have very sharp teeth.
Your uncanny sense of smell can sniff out nearby items.
Your experience applies equally to all skills.


Message History

The frost grips your polar bear zombie.
Your polar bear zombie resists.
Your rime drake zombie bites the ironbound frostheart but does no damage.
You swap places.
The ironbound frostheart calls freezing cold from the walls.
The frost grips you!!! The frost grips your rime drake zombie.
Your rime drake zombie resists.
The frost grips your cactus giant!!
The frost grips your spellforged servitor.
Your spellforged servitor resists.
The frost grips your polar bear zombie.
Your polar bear zombie resists.
The frost grips your polar bear zombie.
Your polar bear zombie resists.
The ironbound frostheart calls freezing cold from the walls.
The frost grips you!! The frost grips your rime drake zombie.
Your rime drake zombie resists.
The frost grips your cactus giant!!
The frost grips your spellforged servitor.
Your spellforged servitor resists.
The frost grips your polar bear zombie.
Your polar bear zombie resists.
The frost grips your rime drake zombie.
Your rime drake zombie resists.
The frost grips your polar bear zombie!
Your polar bear zombie resists.
Your rime drake zombie barely misses the ironbound frostheart.
The frost giant casts a spell at you.
The bolt of cold hits your polar bear zombie.
Your polar bear zombie resists.
The bolt of cold hits your polar bear zombie!
Your polar bear zombie resists.
The bolt of cold hits your spellforged servitor.
Your spellforged servitor resists.
The bolt of cold hits you!!!
* * * LOW HITPOINT WARNING * * *
The ironbound frostheart calls freezing cold from the walls.
The frost grips you!!
You die...
Your body rises from the dead as a mindless zombie.

#..###
...##
#...#
#.#
#...#
##..##
##.C#
##Z#
#ZZ#
##9##
##@.#
#C.##
#Z##
#p#
#p#∆
#..
#..
##. #?


You could see a frost giant (ally target), 2 ironbound frosthearts, a friendly
spellforged servitor (summoned), a friendly cactus giant (summoned), 2 friendly
polar bear zombies and 2 friendly rime drake zombies.

Vanquished Creatures
  A spark wasp (Spider:1)
  A merfolk impaler (Shoals:3)
  2 merfolk javelineers
  4 merfolk aquamancers
  A centaur warrior (D:13)
  3 boulder beetles
  An alligator snapping turtle (Shoals:4)
  2 merfolk avatars
  A catoblepas (D:15)
  2 tengu warriors
  A pharaoh ant (Spider:1)
  An iron troll (D:14)
  4 sea snakes
  A nameless horror (IceCv)
  A deep elf archer (Volcano)
  2 deep elf pyromancers (Volcano)
  4 ugly things
  2 orc sorcerers (Orc:2)
  2 manticores
  8 cyclopes
  A black mamba (Lair:3)
  3 elephants
  A water nymph (Shoals:4)
  3 merfolk sirens
  4 cane toads
  2 kobold demonologists
  8 rime drakes
  A yaktaur (shapeshifter) (D:14)
  A tengu conjurer (D:14)
  A troll (Orc:1)
  3 meliai (D:14)
  A merfolk (Shoals:3)
  11 polar bears (IceCv)
  7 blink frogs
  A dream sheep (Shoals:1)
  2 snapping turtles
  A slime creature (D:13)
  2 water elementals (Shoals:4)
  A culicivora (Spider:1)
  A shadow (D:11)
  3 wraiths
  A vampire (D:12)
  4 basilisks
  10 yaks
  A wyvern (D:7)
  4 redbacks (Spider:1)
  2 vampire mosquitoes (D:14)
  3 wargs (Orc:2)
  7 water moccasins
  4 hell hounds
  An ice beast (D:6)
  8 orc warriors
  A black bear (D:7)
  5 wolves
  4 ogres
  3 boggarts (D:14)
  A lemure (D:7)
  A phantom (D:5)
  A kobold brigand (D:10)
  2 bullfrogs
  6 wights
  4 killer bees
  A vampire bat (D:5)
  A howler monkey (D:5)
  An electric eel (Lair:5)
  A jelly (D:6)
  4 hounds
  8 orc priests
  A sleepcap (D:6)
  An iguana (D:5)
  8 orc wizards
  A hell rat (D:9)
  Natasha (D:2)
  An adder (D:6)
  2 river rats (D:9)
  A white imp (D:7)
  3 worms
  A dart slug (D:10)
  20 orcs
  14 bats
  3 bat skeletons (D:5)
  13 endoplasms
  2 giant cockroaches (D:2)
  A hobgoblin (D:2)
  A jackal (D:3)
  12 kobolds
  7 quokkas
  6 ball pythons
  4 frilled lizards
  9 goblins
  8 rats
311 creatures vanquished.

Vanquished Creatures (collateral kills)
  Aizul (Shoals:4)
  A frost giant (Shoals:4)
  An orc warlord (Orc:2)
  A white draconian (IceCv)
  3 merfolk javelineers
  12 merfolk impalers
  7 hydras
  An ice dragon (IceCv)
  An ogre mage (D:15)
  A death knight (D:11)
  4 merfolk avatars
  A centaur warrior (D:14)
  3 two-headed ogres (D:15)
  4 satyrs
  2 catoblepae
  6 merfolk aquamancers
  A boulder beetle (D:13)
  4 death yaks
  2 tengu warriors (D:15)
  Urug (Lair:1)
  3 skysharks
  A fire crab (Lair:5)
  Amaemon (Lair:3)
  13 sea snakes
  An orange crystal statue (IceCv)
  2 orc knights (Orc:2)
  3 harpies (Shoals:1)
  A wizard (D:14)
  10 ugly things
  3 deep elf pyromancers
  5 cyclopes
  11 manticores
  2 orc sorcerers (Orc:2)
  A black mamba (Lair:5)
  Joseph (D:7)
  7 water nymphs
  4 merfolk sirens
  4 cane toads
  9 elephants
  An orange demon (Lair:3)
  A demonic crawler (Lair:3)
  A gargoyle (D:11)
  Maggie (Lair:2)
  A nameless horror (Shoals:4)
  A freezing wraith (D:15)
  2 komodo dragons
  A tengu conjurer (D:13)
  4 rime drakes
  3 trolls (Orc:2)
  10 merfolk
  A meliai (Lair:3)
  3 wind drakes
  16 polar bears
  6 dream sheep (Shoals:1)
  3 snapping turtles
  6 blink frogs
  4 water elementals
  23 yaks
  5 fire elementals (Volcano)
  A basilisk (Lair:5)
  A steam dragon (D:7)
  3 wargs (Orc:2)
  2 merfolk zombies
  4 hell hounds
  3 water moccasins
  13 orc warriors
  3 black bears
  10 ogres
  7 wolves
  3 centaurs
  3 lemures (D:7)
  A kobold brigand (D:9)
  A phantom (D:4)
  2 bullfrogs
  2 scorpions
  5 wights
  4 killer bees
  A polar bear zombie (IceCv)
  2 electric eels (Lair:4)
  3 howler monkeys (D:12)
  A jelly (D:7)
  6 orc priests
  A hound (D:5)
  Natasha (twice) (D:2)
  2 sleepcaps
  Terence (D:3)
  3 orc wizards (Orc:2)
  2 adders
  A gnoll (D:1)
  A river rat (D:9)
  A shadow imp (D:5)
  A white imp (D:7)
  An ufetubus (D:4)
  6 worms
  3 dart slugs
  28 orcs
  3 ball pythons
  5 bats (D:2)
  4 endoplasms
  4 giant cockroaches
  5 hobgoblins (D:1)
  2 jackals (D:1)
  9 kobolds
  6 quokkas
  A goblin (D:1)
  An orc zombie (Orc:2)
  4 rats
410 creatures vanquished.

Vanquished Creatures (others)
  The ghost of ouz the Fencer, an adept DsGl of Okawaru (Shoals:2)
  Gastronok (D:8)
  4 death yaks
  A two-headed ogre (D:9)
  Pikel (D:7)
  A deep elf pyromancer (Volcano)
  4 ugly thing zombies
  An orc knight (Orc:2)
  A slime creature (D:13)
  Maurice (D:12)
  A cane toad (Lair:1)
  A sea snake zombie (Shoals:4)
  A redback zombie (Spider:1)
  A death yak zombie (D:9)
  2 komodo dragons
  A troll (D:7)
  Sigmund (D:4)
  A meliai zombie (D:14)
  6 yaks
  A vampire (D:9)
  A steam dragon (D:7)
  A skyshark zombie (Shoals:1)
  4 merfolk zombies
  A two-headed ogre zombie (D:15)
  Menkaure (D:7)
  An orc warrior (D:9)
  A dream sheep zombie (Shoals:1)
  A vampire mosquito zombie (D:14)
  4 rime drake zombies (IceCv)
  A yaktaur zombie (D:14)
  A bullfrog (D:7)
  A hell hound zombie (Volcano)
  3 water moccasin zombies
  A wight (D:6)
  4 polar bear zombies (IceCv)
  7 yak zombies
  A killer bee (D:9)
  A troll zombie (Orc:2)
  4 bullfrog zombies
  2 wolf zombies (Lair:1)
  A basilisk zombie (D:13)
  A human zombie (D:7)
  3 boggart zombies (D:14)
  5 killer bee zombies
  An ogre zombie (Orc:1)
  A spectral electric eel (Lair:4)
  A white imp (D:7)
  11 orc zombies
  A spectral white imp (D:7)
  An orc (D:7)
  3 river rat zombies (D:9)
  An endoplasm zombie (Lair:5)
  2 kobold zombies (D:10)
  A rat (D:9)
  A bush (Lair:5)
  44 fungi
  55 plants
206 creatures vanquished.

Grand Total: 927 creatures vanquished

Notes
Turn   | Place    | Note
-------+----------+-------------------------------------------
     0 | D:1      | Lavandula the Gnoll Summoner began the quest for the Orb.
     0 | D:1      | Reached XP level 1. HP: 13/13 MP: 6/6
    91 | D:1      | Reached XP level 2. HP: 7/19 MP: 2/7
   242 | D:1      | Learned a level 2 spell: Call Imp
   370 | D:1      | Found Nesoqil's Antique Weapon Shop.
   403 | D:1      | Reached skill level 5 in Spellcasting
   403 | D:1      | Reached XP level 3. HP: 23/25 MP: 4/9
   593 | D:1      | Reached skill level 1 in Invocations
   687 | D:1      | Learned a level 3 spell: Call Canine Familiar
   796 | D:1      | Reached skill level 1 in Fighting
   796 | D:1      | Reached skill level 1 in Short Blades
   796 | D:1      | Reached skill level 1 in Long Blades
   796 | D:1      | Reached skill level 1 in Axes
   796 | D:1      | Reached skill level 1 in Maces & Flails
   796 | D:1      | Reached skill level 1 in Polearms
   796 | D:1      | Reached skill level 1 in Staves
   796 | D:1      | Reached skill level 1 in Ranged Weapons
   796 | D:1      | Reached skill level 1 in Throwing
   796 | D:1      | Reached skill level 1 in Armour
   796 | D:1      | Reached skill level 1 in Shields
   796 | D:1      | Reached skill level 1 in Unarmed Combat
   796 | D:1      | Reached skill level 1 in Evocations
  1256 | D:2      | Noticed Natasha
  1283 | D:2      | Killed Natasha
  1284 | D:2      | Reached XP level 4. HP: 32/32 MP: 7/11
  1340 | D:2      | Reached skill level 1 in Conjurations
  1340 | D:2      | Reached skill level 1 in Hexes
  1340 | D:2      | Reached skill level 1 in Necromancy
  1340 | D:2      | Reached skill level 1 in Translocations
  1340 | D:2      | Reached skill level 1 in Transmutations
  1340 | D:2      | Reached skill level 1 in Fire Magic
  1340 | D:2      | Reached skill level 1 in Ice Magic
  1340 | D:2      | Reached skill level 1 in Air Magic
  1340 | D:2      | Reached skill level 1 in Earth Magic
  1340 | D:2      | Reached skill level 1 in Poison Magic
  1420 | D:2      | Learned a level 4 spell: Summon Ice Beast
  1617 | D:2      | Noticed Natasha
  1626 | D:2      | Killed Natasha
  1627 | D:2      | Reached XP level 5. HP: 37/37 MP: 10/12
  1638 | D:2      | Learned a level 3 spell: Summon Guardian Golem
  1787 | D:2      | Noticed Natasha
  1793 | D:2      | Killed Natasha
  2596 | D:3      | Reached XP level 6. HP: 44/44 MP: 6/13
  3155 | D:3      | Noticed Terence
  3169 | D:3      | Killed Terence
  3170 | D:3      | Reached skill level 5 in Dodging
  3430 | D:3      | Found an iron altar of Okawaru.
  3525 | D:4      | Learned a level 2 spell: Blink
  3733 | D:4      | Identified the +3 short sword of Sauck {antimagic, rC-
                  | Dex+6}
  3741 | D:4      | Noticed Sigmund
  3766 | D:4      | Killed Sigmund
  3767 | D:4      | Reached XP level 7. HP: 51/51 MP: 7/15
  3916 | D:4      | Reached skill level 5 in Stealth
  4492 | D:5      | Entered Level 5 of the Dungeon
  4495 | D:5      | Noticed a nameless horror
  4726 | D:5      | Found Douliul's Antique Weapon Shop.
  4988 | D:1      | Bought a fine scimitar for 225 gold pieces
  4988 | D:1      | Identified the +5 scimitar of Wobb {vamp, Dex+3} (You
                  | bought it in a shop on level 1 of the Dungeon)
  5166 | D:5      | Found Kilufe Akhlu's Antique Armour Boutique.
  5168 | D:5      | Found Qezaces's Distillery.
  5220 | D:5      | Reached XP level 8. HP: 58/58 MP: 16/16
  5257 | D:5      | Found Cior's Weapon Boutique.
  5330 | D:5      | Found a glowing golden altar of the Shining One.
  5373 | D:5      | Found Zin's Purification Station.
  5377 | D:5      | Found a glowing silver altar of Zin.
  6434 | D:7      | Found a staircase to the Ecumenical Temple.
  6439 | D:7      | Reached XP level 9. HP: 65/65 MP: 18/18
  6455 | Temple   | Entered the Ecumenical Temple
  6522 | Temple   | Became a worshipper of Yredelemnul the Dark
  6631 | D:7      | Found a white marble altar of Elyvilon.
  6730 | D:7      | Noticed a troll
  6746 | D:7      | Killed a troll
  6825 | D:7      | Noticed Pikel
  6858 | D:7      | Killed Pikel
  6859 | D:7      | Reached * piety under Yredelemnul
  6859 | D:7      | Reached skill level 5 in Invocations
  7001 | D:7      | Noticed Joseph
  7018 | D:7      | Killed Joseph
  7028 | D:7      | Reached ** piety under Yredelemnul
  7028 | D:7      | Your ally Joseph died
  7034 | D:7      | Reached skill level 5 in Fighting
  7034 | D:7      | Reached skill level 5 in Short Blades
  7034 | D:7      | Reached skill level 5 in Long Blades
  7034 | D:7      | Reached skill level 5 in Axes
  7034 | D:7      | Reached skill level 5 in Maces & Flails
  7034 | D:7      | Reached skill level 5 in Polearms
  7034 | D:7      | Reached skill level 5 in Staves
  7034 | D:7      | Reached skill level 5 in Ranged Weapons
  7034 | D:7      | Reached skill level 5 in Throwing
  7034 | D:7      | Reached skill level 5 in Armour
  7034 | D:7      | Reached skill level 5 in Shields
  7034 | D:7      | Reached skill level 5 in Unarmed Combat
  7034 | D:7      | Reached skill level 5 in Evocations
  7034 | D:7      | Reached XP level 10. HP: 59/74 MP: 10/20
  7044 | D:7      | Identified the staff of air "Lozxa" {rElec rF+ rC+ Int+5}
  7166 | D:7      | Noticed Menkaure
  7185 | D:7      | Killed Menkaure
  7588 | D:8      | Learned a level 4 spell: Summon Lightning Spire
  8168 | D:8      | Noticed Gastronok
  8317 | D:8      | Found a burning altar of Makhleb.
  8321 | D:8      | Found a hazy altar of Hepliaklqana.
  8323 | D:8      | Found a shadowy altar of Dithmenos.
  8323 | D:8      | Found a shimmering blue altar of Sif Muna.
  8323 | D:8      | Found an ancient bone altar of Kikubaaqudgha.
  8323 | D:8      | Found a bloodstained altar of Trog.
  8323 | D:8      | Found an opulent altar of Gozag.
  8325 | D:8      | Found a sacrificial altar of Ru.
  8368 | D:8      | Killed Gastronok
  8815 | D:9      | Noticed a death yak
  8823 | D:9      | Noticed a death yak
  8824 | D:9      | Noticed a death yak
  8827 | D:9      | Killed a death yak
  8833 | D:9      | Reached *** piety under Yredelemnul
  9011 | D:9      | Killed a death yak
  9012 | D:9      | Reached skill level 5 in Conjurations
  9012 | D:9      | Reached skill level 5 in Hexes
  9012 | D:9      | Reached skill level 5 in Necromancy
  9012 | D:9      | Reached skill level 5 in Translocations
  9012 | D:9      | Reached skill level 5 in Transmutations
  9012 | D:9      | Reached skill level 5 in Fire Magic
  9012 | D:9      | Reached skill level 5 in Ice Magic
  9012 | D:9      | Reached skill level 5 in Air Magic
  9012 | D:9      | Reached skill level 5 in Earth Magic
  9012 | D:9      | Reached skill level 5 in Poison Magic
  9015 | D:9      | Killed a death yak
  9016 | D:9      | Reached XP level 11. HP: 74/81 MP: 15/23
  9257 | D:9      | Noticed a cyclops
  9257 | D:9      | Noticed a boulder beetle
  9257 | D:9      | Noticed a wizard
  9258 | D:9      | Noticed a boulder beetle
  9338 | D:9      | Found a staircase to the Lair.
  9480 | D:9      | Noticed a two-headed ogre
  9489 | D:9      | Killed a two-headed ogre
  9507 | D:9      | Noticed a sun demon
  9542 | D:9      | Learned a level 6 spell: Summon Cactus Giant
  9544 | D:9      | Learned a level 1 spell: Apportation
  9690 | Lair:1   | Entered Level 1 of the Lair of Beasts
  9861 | Lair:1   | Reached **** piety under Yredelemnul
 10081 | Lair:1   | Noticed a catoblepas
 10091 | Lair:1   | Killed a catoblepas
 10254 | Lair:1   | Noticed Urug
 10267 | Lair:1   | Killed Urug
 10511 | Lair:1   | Found a transporter.
 10511 | Lair:1   | Noticed Conn's ghost (journeyman OpFE)
 10514 | Lair:1   | Found a transporter.
 10773 | Lair:1   | Reached XP level 12. HP: 91/91 MP: 24/24
 11076 | Lair:2   | Noticed a death yak
 11077 | Lair:2   | Noticed a death yak
 11077 | Lair:2   | Noticed a death yak
 11077 | Lair:2   | Noticed a death yak
 11078 | Lair:2   | Noticed a death yak
 11091 | Lair:2   | Killed a death yak
 11092 | Lair:2   | Killed a death yak
 11093 | Lair:2   | Killed a death yak
 11094 | Lair:2   | Killed a death yak
 11094 | Lair:2   | Killed a death yak
 11288 | Lair:2   | Noticed Maggie
 11297 | Lair:2   | Killed Maggie
 11381 | Lair:2   | You fall into a shaft and drop 2 floors!
 12197 | Lair:3   | Found a hole to the Spider Nest.
 12347 | Lair:3   | Noticed Amaemon
 12350 | Lair:3   | Reached XP level 13. HP: 98/98 MP: 24/26
 12359 | Lair:3   | Killed Amaemon
 12360 | Lair:3   | Reached skill level 10 in Summonings
 12719 | Lair:3   | Found a staircase to the Shoals.
 13440 | Lair:5   | Entered Level 5 of the Lair of Beasts
 13472 | Lair:5   | Found a dark tunnel.
 13495 | Volcano  | Entered a volcano
 13582 | Volcano  | Reached skill level 10 in Spellcasting
 14370 | Lair:5   | Reached skill level 10 in Dodging
 14436 | Lair:5   | Reached skill level 10 in Stealth
 14657 | Lair:5   | Found a staircase to the Slime Pits.
 14758 | Lair:5   | Reached XP level 14. HP: 87/108 MP: 28/28
 14856 | Lair:5   | Reached skill level 10 in Invocations
 15217 | Lair:5   | Reached ***** piety under Yredelemnul
 15343 | D:10     | Entered Level 10 of the Dungeon
 15761 | D:10     | Found a snail-covered altar of Cheibriados.
 15914 | D:10     | Found a hide-covered altar of Uskayaw.
 16273 | D:11     | Learned a level 5 spell: Alistair's Intoxication
 16293 | D:11     | Found a staircase to the Orcish Mines.
 16601 | D:11     | Found a transporter.
 16608 | D:11     | Found a transporter.
 16989 | D:11     | Found Renep's Magic Scroll Boutique.
 16994 | D:11     | Bought a scroll of butterflies for 52 gold pieces
 17163 | D:11     | Noticed confidenceinterval's ghost (novice DEHu)
 17475 | D:12     | Noticed Maurice
 17488 | D:12     | Killed Maurice
 17991 | D:5      | Bought the +10 lajatang "Huurha Ymmo" {heavy, rN+ Int+4
                  | Dex+4} for 1138 gold pieces
 19421 | Orc:1    | Entered Level 1 of the Orcish Mines
 19657 | Orc:1    | Found a runed translucent gate.
 19657 | Orc:1    | Found a runed translucent gate.
 19658 | Orc:1    | Found a runed translucent gate.
 19732 | Orc:2    | Entered Level 2 of the Orcish Mines
 19831 | Orc:2    | Noticed an orc warlord
 19854 | Orc:2    | Killed an orc warlord
 20036 | Orc:2    | Found a staircase to the Elven Halls.
 20074 | Orc:2    | Paralysed by an orc sorcerer for 5 turns
 20081 | Orc:2    | Found Noruiwk's Antique Armour Boutique.
 20133 | Orc:2    | Found Nekhyovi's Book Shop.
 20373 | Orc:2    | Found Akox's Antique Weapon Emporium.
 20384 | Orc:2    | Reached skill level 10 in Fighting
 20384 | Orc:2    | Reached skill level 10 in Short Blades
 20384 | Orc:2    | Reached skill level 10 in Long Blades
 20384 | Orc:2    | Reached skill level 10 in Axes
 20384 | Orc:2    | Reached skill level 10 in Maces & Flails
 20384 | Orc:2    | Reached skill level 10 in Polearms
 20384 | Orc:2    | Reached skill level 10 in Staves
 20384 | Orc:2    | Reached skill level 10 in Ranged Weapons
 20384 | Orc:2    | Reached skill level 10 in Throwing
 20384 | Orc:2    | Reached skill level 10 in Armour
 20384 | Orc:2    | Reached skill level 10 in Shields
 20384 | Orc:2    | Reached skill level 10 in Unarmed Combat
 20384 | Orc:2    | Reached skill level 10 in Evocations
 20481 | Orc:2    | Found Binkir Gyne's General Store.
 20489 | Orc:2    | Bought a potion of brilliance for 56 gold pieces
 20976 | Shoals:1 | Entered Level 1 of the Shoals
 21584 | D:14     | Reached XP level 15. HP: 115/115 MP: 30/30
 21958 | D:14     | Found a gate to the Vaults.
 22407 | D:15     | Entered Level 15 of the Dungeon
 22737 | D:15     | Identified the +0 flail of the Hierophant {holy, rElec rF+
                  | Str-5 SInv}
 23188 | D:15     | Noticed Roxanne
 23201 | D:15     | Noticed Jorgrun
 23603 | Shoals:1 | Identified the +5 ring mail of the Indestructible God
                  | {Str+2 Int-5 SInv}
 24074 | Shoals:1 | Reached ****** piety under Yredelemnul
 24410 | Shoals:2 | Reached XP level 16. HP: 124/124 MP: 28/32
 24614 | Shoals:2 | Noticed ouz's ghost (adept DsGl)
 24614 | Shoals:2 | Found a runed translucent door.
 24645 | Shoals:2 | Killed ouz's ghost
 25771 | Shoals:3 | Upgraded the game from 0.30-a0-989-g0d87f670db to
                  | 0.30-a0-1002-ga41ad49a19
 26149 | Shoals:3 | Identified the +11 dagger "Xeynakh" {elec, Str+5}
 26193 | Shoals:4 | Entered Level 4 of the Shoals
 26442 | Shoals:4 | Noticed Aizul
 26449 | Shoals:4 | Killed Aizul
 26668 | Shoals:4 | Learned a level 7 spell: Spellforged Servitor
 26762 | Shoals:4 | Learned a level 6 spell: Iron Shot
 27083 | Shoals:4 | Got a barnacled rune of Zot
 27339 | Shoals:4 | Reached XP level 17. HP: 133/133 MP: 24/33
 27514 | Spider:1 | Entered Level 1 of the Spider Nest
 27763 | Spider:1 | Found a frozen archway.
 27767 | IceCv    | Entered an ice cave
 27778 | IceCv    | Reached skill level 10 in Conjurations
 27778 | IceCv    | Reached skill level 10 in Hexes
 27778 | IceCv    | Reached skill level 10 in Necromancy
 27778 | IceCv    | Reached skill level 10 in Translocations
 27778 | IceCv    | Reached skill level 10 in Transmutations
 27778 | IceCv    | Reached skill level 10 in Fire Magic
 27778 | IceCv    | Reached skill level 10 in Ice Magic
 27778 | IceCv    | Reached skill level 10 in Air Magic
 27778 | IceCv    | Reached skill level 10 in Earth Magic
 27778 | IceCv    | Reached skill level 10 in Poison Magic
 27932 | IceCv    | Identified the +1 helmet of Restlessness {Rampage Int-2
                  | SInv}
 28025 | IceCv    | Identified the +0 plate armour of Xacas {Regen+ Slay+3}
 28876 | IceCv    | Killed from afar by an ironbound frostheart

Illustrated notes

Levels and vault maps discovered:
D:1:      dpeg_arrival_solitude, layout_loops_ring, serial_shops,
          nicolae_diamond_shop
D:2:      minmay_thinvault, layout_loops_ring, minmay_misc_feat_secret_circle,
          uniq_natasha
D:3:      layout_basic, marbit_many_paths, grunt_ministairs_11,
          serial_bayou_pond_c, chequers_serial_rivers_small_b, uniq_terence
D:4:      layout_loops_cross, nicolae_concentric_dashed_squares_wild,
          uniq_sigmund
D:5:      layout_loops_ring, zin_purify, tso_metal_star, serial_shops, shop,
          shop, shop, nicolae_inconvenience_store, goddamned_bats
D:6:      layout_rooms, minivault_5, hex_intersection, minivault_1
D:7:      layout_rooms, mainiacjoe_overflow_catwalk,
          minmay_temple_entry_mini_moons, uniq_joseph, uniq_pikel, uniq_menkaure
D:8:      layout_loops_ring, minitemple, uniq_gastronok
D:9:      minmay_slanted_spiral_squares, layout_rooms, dpeg_lair_monsters,
          kennysheep_generic_room_16
D:10:     layout_basic, dancing_weapons_uskayaw, kennysheep_slug_shrine
D:11:     layout_roguey, orc_0_dummy, serial_shops, nicolae_shop_hallway_plus,
          nzn_ghost_randoct
D:12:     layout_small_grid, minmay_puff, uniq_maurice
D:13:     layout_cave_pools
D:14:     layout_small_grid, david_vaults_4
D:15:     grunt_enter_depths_snipers, layout_loops_cross, uniq_roxanne,
          uniq_jorgrun, uniq_josephine
Temple:   hellmonk_temple_flake
Lair:1:   layout_regular_city, gammafunk_ghost_hive, grunt_megastairs_4,
          uniq_urug
Lair:2:   layout_regular_city, uniq_maggie
Lair:3:   layout_chaotic_city, elwin_shoals_entry_rooms,
          hellmonk_spider_entry_not_the_bees, uniq_amaemon
Lair:4:   layout_roguey, infiniplex_staircase_pool, lemuel_fruit_tree
Lair:5:   grunt_lair_end_beastmaster, layout_regular_city,
          nicolae_slime_entry_slimehenge, enter_volcano_3, serial_bayou_shore_a
Shoals:1: cheibrodos_shoals_three_sisters, layout_shoals
Shoals:2: layout_shoals, hellmonk_ghost_happy_afterlife,
          nicolae_shoals_seven_spires, nicolae_shoals_songs
Shoals:3: layout_shoals, nicolae_shoals_pincushion_passage
Shoals:4: shoals_end_grunt_ice, layout_shoals, nicolae_shoals_aquamancer_cove,
          uniq_aizul
Spider:1: layout_spider_delve, gammafunk_ghost_mausoleum,
          portal_ice_cave_entry_pillars_three
Orc:1:    layout_diamond_mine, gammafunk_ghost_fury_of_okawaru
Orc:2:    grunt_orc_gardens, layout_caves, grunt_orc_garden, grunt_orc_garden,
          grunt_orc_garden, grunt_orc_garden, mines5_lemuel
IceCv:    ice_cave_caverns_02

Skill      XL: |  1  2  3  4  5  6  7  8  9 10 11 12 13 14 15 16 17 |
---------------+----------------------------------------------------+-----
Spellcasting   | 5 6 7 8 9 10 11 12 | 12.9
Invocations    | 1 2 3 4 5 6 7 8 9 10 11 12 13 | 13.0
Fighting       | 1 2 3 5 6 7 8 9 10 11 12 | 12.0
Short Blades   | 1 2 3 5 6 7 8 9 10 11 12 | 12.0
Long Blades    | 1 2 3 5 6 7 8 9 10 11 12 | 12.0
Axes           | 1 2 3 5 6 7 8 9 10 11 12 | 12.0
Maces & Flails | 1 2 3 5 6 7 8 9 10 11 12 | 12.0
Polearms       | 1 2 3 5 6 7 8 9 10 11 12 | 12.0
Staves         | 1 2 3 5 6 7 8 9 10 11 12 | 12.0
Ranged Weapons | 1 2 3 5 6 7 8 9 10 11 12 | 12.0
Throwing       | 1 2 3 5 6 7 8 9 10 11 12 | 12.0
Armour         | 1 2 3 5 6 7 8 9 10 11 12 | 12.0
Shields        | 1 2 3 5 6 7 8 9 10 11 12 | 12.0
Unarmed Combat | 1 2 3 5 6 7 8 9 10 11 12 | 12.0
Evocations     | 1 2 3 5 6 7 8 9 10 11 12 | 12.0
Conjurations   | 1 2 3 4 5 6 7 8 9 10 | 10.1
Hexes          | 1 2 3 4 5 6 7 8 9 10 | 10.1
Necromancy     | 1 2 3 4 5 6 7 8 9 10 | 10.1
Translocations | 1 2 3 4 5 6 7 8 9 10 | 10.1
Transmutations | 1 2 3 4 5 6 7 8 9 10 | 10.1
Fire Magic     | 1 2 3 4 5 6 7 8 9 10 | 10.1
Ice Magic      | 1 2 3 4 5 6 7 8 9 10 | 10.1
Air Magic      | 1 2 3 4 5 6 7 8 9 10 | 10.1
Earth Magic    | 1 2 3 4 5 6 7 8 9 10 | 10.1
Poison Magic   | 1 2 3 4 5 6 7 8 9 10 | 10.1
Dodging        | 5 6 7 8 9 10 11 12 | 12.8
Stealth        | 5 6 7 8 9 10 11 12 13 | 13.1
Summonings     | 8 9 10 11 12 | 12.3

Action                     |  1- 3 |  4- 6 |  7- 9 | 10-12 | 13-15 | 16-18 || total
---------------------------+-------+-------+-------+-------+-------+-------++-------
  Melee: Unarmed           |    14 |       |       |       |       |       ||    14
         Bite              |    12 |    31 |    28 |    31 |    79 |    14 ||   195
         Dagger            |    86 |   203 |   114 |       |       |       ||   403
         Punch             |       |     1 |    10 |    15 |    25 |       ||    51
         Scimitar          |       |       |   127 |   253 |     7 |       ||   387
         Whip              |       |       |       |       |   341 |       ||   341
         Lajatang          |       |       |       |       |   223 |   124 ||   347
   Cast: Summon Small Mamm |    15 |    15 |       |       |       |       ||    30
         Call Imp          |     7 |    16 |     8 |    17 |     6 |     4 ||    58
         Call Canine Famil |       |    10 |    15 |    22 |    21 |    14 ||    82
         Summon Guardian G |       |     2 |    12 |    22 |    12 |     9 ||    57
         Summon Ice Beast  |       |       |     2 |    10 |    13 |    16 ||    41
         Summon Lightning  |       |       |       |    21 |    40 |    31 ||    92
         Summon Cactus Gia |       |       |       |       |    36 |    53 ||    89
         Alistair's Intoxi |       |       |       |       |     1 |     8 ||     9
         Blink             |       |       |       |       |       |     2 ||     2
         Spellforged Servi |       |       |       |       |       |     6 ||     6
 Invoke: Dark Bargain      |       |       |       |     7 |    35 |    15 ||    57
         Recall Undead Har |       |       |       |       |     2 |       ||     2
         Bind Soul         |       |       |       |       |       |     1 ||     1
  Evoke: Wand              |       |       |       |     1 |     2 |     8 ||    11
         Tin of tremorston |       |       |       |       |     1 |     2 ||     3
         Phantom mirror    |       |       |       |       |       |     2 ||     2
    Use: Scroll            |       |     8 |     6 |     5 |    11 |    14 ||    44
         Potion            |       |       |     2 |       |       |     7 ||     9
   Stab: Sleeping          |     6 |     5 |     8 |     4 |    16 |     2 ||    41
         Distracted        |     1 |     5 |     2 |     2 |     6 |     7 ||    23
         Betrayed ally     |       |       |       |       |       |     1 ||     1
 Armour: Robe              |    10 |       |       |       |       |       ||    10
         Ring mail         |    18 |    86 |   109 |   116 |       |       ||   329
         Skin              |       |       |    12 |       |       |       ||    12
         Steam dragon scal |       |       |       |    81 |    27 |       ||   108
         Leather armour    |       |       |       |       |   205 |   101 ||   306
  Dodge: Dodged            |    78 |   111 |   154 |   245 |   477 |   225 ||  1290

Table legend: (Time is in decaauts)
 A = Elapsed time spent in this place.
 B = Non-inter-level travel time spent in this place.
 C = Inter-level travel time spent in this place.
 D = Time resting spent in this place.
 E = Time spent auto-exploring this place.
 F = Levels seen in this place.
 G = Mean time per level.
                   A        B        C        D        E       F      G
               +--------+--------+--------+--------+--------+-----+--------+
         Total |  30418 |  27658 |   2760 |   5020 |  14072 |  30 | 1013.9 |
       Dungeon |  16675 |  14733 |   1942 |   2055 |   8784 |  15 | 1111.7 |
        Temple |     78 |     67 |     11 |      0 |     54 |   1 |   78.0 |
          Lair |   5850 |   5432 |    418 |    486 |   3598 |   5 | 1170.0 |
        Shoals |   4544 |   4227 |    317 |   1408 |    700 |   4 | 1136.0 |
   Spider Nest |     31 |     31 |      0 |      0 |      0 |   1 |   31.0 |
  Orcish Mines |   1553 |   1482 |     71 |    211 |    755 |   2 |  776.5 |
      Ice Cave |   1160 |   1160 |      0 |    581 |    121 |   1 | 1160.0 |
       Volcano |    525 |    525 |      0 |    279 |     58 |   1 |  525.0 |
               +--------+--------+--------+--------+--------+-----+--------+

Top non-repeatable levels by time:
  Lair:3: 1570 daAuts
Shoals:4: 1426 daAuts
  Lair:1: 1358 daAuts
     D:2: 1334 daAuts
     D:8: 1332 daAuts
    D:11: 1321 daAuts
Shoals:1: 1291 daAuts
  Lair:5: 1289 daAuts
     D:1: 1250 daAuts
     D:9: 1234 daAuts
     D:5: 1218 daAuts
    D:14: 1210 daAuts
   Orc:2: 1199 daAuts
     D:7: 1177 daAuts
   IceCv: 1160 daAuts
